 Dungeon Crawl Stone Soup version 0.32-a0-18-g89e19f1974 (webtiles) character file.

Game seed: 14549056378110610092

34 bobarctor the Ruffian (level 3, 26/26 HPs)
             Began as a Demonspawn Shapeshifter on Jan 17, 2024.
             Got out of the dungeon alive.
             The game lasted 00:02:39 (827 turns).

bobarctor the Ruffian (Demonspawn Shapeshifter)      Turns: 827, Time: 00:02:40

Health: 26/26      AC:  2    Str: 16    XL:     3   Next: 14%
Magic:  3/3        EV: 12    Int: 10    God:
Gold:   37         SH:  4    Dex: 12    Spells: 2/2 levels left

rFire   . .          .
                       - Unarmed
rCold   . . .        (no shield)
rNeg    . . .        a - +0 animal skin
rPois   .            (helmet currently unavailable)
rElec   .            (cloak currently unavailable)
rCorr   .            (gloves currently unavailable)
SInv    .            (boots currently unavailable)
Will    .....        (no amulet)
Stlth   +            (no ring)
HPRegen 0.24/turn    (no ring)
MPRegen 0.08/turn

%: no passive effects
@: beast-form
A: beast (slay +1), antennae 1, large bone plates 1
a: Begin Untransformation


You escaped.
You were a hulking beast.
You visited 1 branch of the dungeon, and saw 2 of its levels.

You collected 37 gold pieces.

Inventory:

Missiles
 e - 19 stones
 i - 2 poisoned darts (quivered)
Armour
 a - a +0 animal skin (worn)
Talismans
 c - a beast talisman
 d - a flux talisman
Scrolls
 f - a scroll of vulnerability {unknown}
 g - a scroll of identify {unknown}
 k - a scroll of blinking {unknown}
 l - a scroll of amnesia {unknown}
Potions
 b - a potion of lignification
 h - a potion of mutation {unknown}
 j - a potion of curing {unknown}


   Skills:
 + Level 1.4 Fighting
 + Level 0.4 Throwing
 + Level 2.0 Dodging
 * Level 3.1 Unarmed Combat
 * Level 3.0 Shapeshifting


You had 2 spell levels left.
You didn't know any spells.
Your spell library was empty.

Dungeon Overview and Level Annotations

Branches:
Dungeon (2/15)

Altars:


Innate Abilities, Weirdness & Mutations

You are a hulking beast.
Your limbs bulge with bestial killing power. (Slay +1)
You have a pair of small antennae on your head.
You are partially covered in large bone plates. (SH +4)


Message History

You hit the rat.
You kill the rat!
You closely miss the frilled lizard.
The frilled lizard bites you but does no damage.
You barely miss the frilled lizard. The frilled lizard closely misses you.
You hit the frilled lizard.
You kill the frilled lizard!
Things that are here:
a +0 club; a frilled lizard corpse; a frilled lizard corpse You now have 23 gold pieces (gained 8).
k - a scroll labelled TIMIMMOKYU
l - a scroll labelled OVAUSE USHUD You now have 25 gold pieces (gained 2).
You now have 30 gold pieces (gained 5).
You now have 37 gold pieces (gained 7).
An adder comes into view.
The adder barely misses you.
You miss the adder. The adder closely misses you.
You punch the adder!
The adder is severely wounded.
The adder misses you.
You punch the adder!
You kill the adder!
Your Shapeshifting skill increases to level 3!
You have reached level 3!
Your experience leads to an increase in your attributes!
Increase (S)trength, (I)ntelligence, or (D)exterity?
You feel stronger. x2; Your demonic ancestry asserts itself...
A pair of antennae grows on your head!
Things that are here:
a +0 club; a frilled lizard corpse; a frilled lizard corpse
There is a stone staircase leading up here.
You climb upwards.
There is a stone staircase leading down here.
There is a huge open gate here.
The kobold shouts!
There is an open gate here.
The orc shouts!
There is a staircase leading out of the dungeon here.
You have escaped!

....#...#...........##........#
....+............#####........#
....#....#.......# #...########
.........#.......# ##.## #....
.#.#.###.#.......#####..#####.##.
.#...#.....................##.#..
.###.#.....................##....
.# #....#################..####.#
.# ###..#≈≈§≈≈§§h≈≈≈≈≈§§#..####.#
.## #..#§≈≈≈§§≈§≈≈≈≈≈§≈#.[.....)
..# #..#§§≈≈...§§..≈≈§≈#........
..# #..#§≈...........≈≈#........
..# #..#§§.......§....≈#[.......
..# #..#≈.............≈#........
..# #..###..8.###.8..###....#...
..## #..#o#...........#K#....#...
#..# #..#######'''#######....#...


You could see an orc and a kobold.

Vanquished Creatures
  An adder (D:2)
  3 endoplasms (D:1)
  2 giant cockroaches (D:1)
  4 goblins
  A quokka (D:1)
  3 ball pythons (D:1)
  3 bats (D:1)
  3 frilled lizards (D:2)
  5 kobolds (D:1)
  2 rats
27 creatures vanquished.

Notes
Turn   | Place    | Note
-------+----------+-------------------------------------------
     0 | D:1      | bobarctor the Demonspawn Shapeshifter began the quest for
                  | the Orb.
     0 | D:1      | Reached XP level 1. HP: 15/15 MP: 1/1
   154 | D:1      | Gained mutation: You are partially covered in large bone
                  | plates. (SH +4) [demonic ancestry]
   154 | D:1      | Reached XP level 2. HP: 20/21 MP: 2/2
   718 | D:2      | Gained mutation: You have a pair of small antennae on your
                  | head. [demonic ancestry]
   718 | D:2      | Reached XP level 3. HP: 26/26 MP: 3/3
   827 | D:$      | Got out of the dungeon alive.

Illustrated notes

Levels and vault maps discovered:
D:1:      lordsloth_arrival_two_stooges, layout_basic
D:2:      layout_basic, basic_altar, minmay_lizard_pond

Skill      XL: |  1  2 |
---------------+-------+-----
Dodging        | 2 |  2.0
Unarmed Combat | 3 |  3.1
Shapeshifting  | 3 |  3.0
Fighting       | |  1.4
Throwing       | |  0.4

Action                     || total
---------------------------++-------
  Melee: Unarmed           ||    60
 Armour: Animal skin       ||    19
  Dodge: Dodged            ||    27
  Block: Other             ||     2

Table legend: (Time is in decaauts)
 A = Elapsed time spent in this place.
 B = Non-inter-level travel time spent in this place.
 C = Inter-level travel time spent in this place.
 D = Time resting spent in this place.
 E = Time spent auto-exploring this place.
 F = Levels seen in this place.
 G = Mean time per level.
                   A        B        C        D        E       F      G
               +--------+--------+--------+--------+--------+-----+--------+
         Total |    823 |    651 |    172 |      0 |    475 |   2 |  411.5 |
       Dungeon |    823 |    651 |    172 |      0 |    475 |   2 |  411.5 |
               +--------+--------+--------+--------+--------+-----+--------+

Top non-repeatable levels by time:
     D:1: 617 daAuts
     D:2: 205 daAuts
